[Event "Titled Tuesday Blitz February 07 Early 2023"]
[White "Mathieu, Phileas"]
[Black "Zaksaite, Salomeja"]
[WhiteFideId "36048410"]
[BlackFideId "12801496"]
[WhiteElo "2374"]
[BlackElo "2283"]
[Result "1-0"]
[Round "01"]
[TimeControl "180+2"]
[Date "2023.02.07"]
[WhiteClock "0:00:46"]
[BlackClock "0:00:02"]

1. e4 c5 2. Nf3 Nc6 3. Bb5 e6 4. O-O Nge7 5. Re1 a6 6. Bf1 d5 7. exd5 Nxd5 8. d4 Nf6 9. Be3 cxd4 10. Nxd4 Bd7 11. Nc3 Be7 12. Rc1 O-O 13. g3 Nxd4 14. Qxd4 Bc6 15. Rcd1 Qxd4 16. Bxd4 b5 17. Bg2 Bxg2 18. Kxg2 Rac8 19. Rd2 Bb4 20. a3 Bxc3 21. Bxc3 Nd5 22. Bd4 Rc4 23. c3 Rfc8 24. f4 R4c6 25. Be5 f6 26. Bd4 Kf7 27. Kf3 h6 28. h4 h5 29. Bf2 Rg8 30. f5 Rd8 31. fxe6+ Rxe6 32. Red1 Red6 33. Bc5 R6d7 34. Bb4 Nb6 35. Rxd7+ Rxd7 36. Re1 Nc4 37. Re2 Ne5+ 38. Ke4 Rd1 39. Ba5 Ke6 40. Bc7 Rg1 41. Kd4 Rxg3 42. Bxe5 fxe5+ 43. Rxe5+ Kf6 44. Rxh5 Rg2 45. b4 Ra2 46. Rh8 Rxa3 47. Rf8+ Ke7 48. Ra8 Kf6 49. Rf8+ Ke7 50. Rf3 1-0


[Site "https://www.chess.com"]

[Event "Titled Tuesday Blitz February 07 Early 2023"]
[White "Fajdetic, Hrvoje"]
[Black "Royal, Shreyas"]
[WhiteFideId "14501945"]
[BlackFideId "448869"]
[WhiteElo "2151"]
[BlackElo "2438"]
[Result "1/2-1/2"]
[Round "01"]
[TimeControl "180+2"]
[Date "2023.02.07"]
[WhiteClock "0:00:07"]
[BlackClock "0:00:12"]

1. d4 d5 2. Bf4 Nf6 3. e3 c5 4. Nc3 cxd4 5. exd4 Bg4 6. Qd3 Nc6 7. a3 e6 8. Nf3 Bxf3 9. gxf3 Bd6 10. Bg3 a6 11. Rg1 Rg8 12. Bh3 Qe7 13. Bh4 O-O-O 14. Nxd5 Qe8 15. Nxf6 gxf6 16. Rxg8 Qxg8 17. O-O-O Bf4+ 18. Kb1 Rxd4 19. Qf1 Qd8 20. Rxd4 Qxd4 21. Bg3 Ne5 22. Qe2 Nc4 23. c3 Nd2+ 24. Ka1 Nb3+ 25. Kb1 Nd2+ 26. Ka1 Qe5 27. Qxe5 fxe5 28. Bg2 Kd7 29. b4 Kd6 30. Kb2 Kd5 31. Kc2 Nc4 32. a4 b5 33. axb5 axb5 34. Bf1 Nd6 35. Bd3 f5 36. Kb3 h5 37. h4 Kc6 38. c4 bxc4+ 39. Bxc4 Kd7 40. b5 Nc8 41. Bxf4 exf4 42. Kb4 Kd6 43. Ka5 e5 44. Bf7 Kc5 45. Bxh5 Nd6 46. Bg6 e4 47. fxe4 fxe4 48. h5 e3 49. fxe3 fxe3 50. Bd3 Nb7+ 51. Ka6 Kd4 52. Be2 Nc5+ 53. Ka7 Ke5 54. h6 Kf6 55. Kb6 Na4+ 56. Ka5 Nc5 57. Kb4 Nd7 58. Bd3 Ne5 59. Be2 Kg6 60. b6 Kxh6 61. Kc5 Nd7+ 62. Kc6 Nxb6 63. Kxb6 Kg5 64. Kc5 Kf4 65. Kd4 Kg3 66. Kxe3 1/2-1/2


[Site "https://www.chess.com"]

[Event "Titled Tuesday Blitz February 07 Early 2023"]
[White "Plazuelo Pascual, Juan"]
[Black "Lesbekova, Assel"]
[WhiteFideId "32059566"]
[BlackFideId "13713248"]
[WhiteElo "2449"]
[BlackElo "1772"]
[Result "0-1"]
[Round "01"]
[TimeControl "180+2"]
[Date "2023.02.07"]
[WhiteClock "0:00:01"]
[BlackClock "0:00:49"]

1. e4 c5 2. Nf3 Nc6 3. c3 d5 4. exd5 Qxd5 5. d4 cxd4 6. cxd4 e5 7. Nc3 Bb4 8. Bd2 Bxc3 9. Bxc3 e4 10. Ne5 Nxe5 11. dxe5 Ne7 12. Be2 O-O 13. O-O Rd8 14. Qa4 Bd7 15. Qa3 Nf5 16. Rfd1 Qe6 17. Qa5 b6 18. Qd5 Qxd5 19. Rxd5 Bc6 20. Rxd8+ Rxd8 21. Rd1 Rxd1+ 22. Bxd1 e3 23. Bc2 exf2+ 24. Kxf2 Ne7 25. Bb4 Nd5 26. Bd6 g6 27. g3 Bd7 28. Kf3 Be6 29. Bb3 b5 30. Ke4 Nb6 31. Bxe6 fxe6 32. Kd4 Nc4 33. b3 Nd2 34. Kc5 Nf3 35. Kxb5 Nxh2 36. Ka6 Nf1 37. g4 Kf7 38. Kxa7 h5 39. gxh5 gxh5 40. Bc5 h4 41. Bg1 Nd2 42. Bh2 Nf3 43. Bf4 Kg6 44. b4 Kf5 45. b5 Kxf4 46. b6 Nxe5 47. b7 h3 48. Kb6 h2 49. b8=Q h1=Q 50. Qf8+ Ke4 51. Qb4+ Kf5 52. Qf8+ Kg5 53. Qg7+ Ng6 54. Kc7 Qc1+ 55. Kd7 Qc4 56. Qg8 Qxa2 57. Qd8+ Kf5 58. Ke8 Qa4+ 59. Kf7 Ne5+ 60. Kf8 Qd7 61. Qh4 Qf7# 0-1


[Site "https://www.chess.com"]

[Event "Titled Tuesday Blitz February 07 Early 2023"]
[White "Alhadad, Mahmoud"]
[Black "Mohamed Anees M"]
[WhiteFideId "11501863"]
[BlackFideId "35065815"]
[WhiteElo "1840"]
[BlackElo "2315"]
[Result "0-1"]
[Round "01"]
[TimeControl "180+2"]
[Date "2023.02.07"]
[WhiteClock "0:00:03"]
[BlackClock "0:01:54"]

1. e4 d6 2. d4 Nf6 3. Nc3 g6 4. f3 Bg7 5. Be3 O-O 6. Qd2 e5 7. d5 c6 8. Bc4 b5 9. Bb3 b4 10. Na4 a5 11. Rd1 cxd5 12. Bxd5 Nxd5 13. Qxd5 Ra6 14. Ne2 Be6 15. Qd3 Rc6 16. O-O Qc7 17. Rf2 Bc4 18. Qd2 Bb5 19. b3 Rxc2 20. Qxd6 Qxd6 21. Rxd6 Rxe2 22. Rxe2 Bxe2 23. Bb6 Rc8 24. Bxa5 Bf8 25. Rb6 Nc6 26. Rb7 Nxa5 27. Ra7 Nc6 28. Kf2 Bb5 29. Rd7 Nd4 30. Rd5 Bxa4 31. bxa4 Rc2+ 32. Kg3 Rxa2 33. h4 b3 34. h5 b2 35. hxg6 hxg6 36. Kg4 b1=Q 37. Rxe5 Rxg2+ 38. Kf4 Qc1# 0-1


[Site "https://www.chess.com"]

[Event "Titled Tuesday Blitz February 07 Early 2023"]
[White "Kopczynski, Michal"]
[Black "Vaglio Munoz, Jaime"]
[WhiteFideId "1124200"]
[BlackFideId "6500145"]
[WhiteElo "2225"]
[BlackElo "2174"]
[Result "1-0"]
[Round "01"]
[TimeControl "180+2"]
[Date "2023.02.07"]
[WhiteClock "0:00:52"]
[BlackClock "0:01:20"]

1. e4 e6 2. d4 d5 3. Nc3 dxe4 4. Nxe4 Nf6 5. Nxf6+ Qxf6 6. Nf3 h6 7. Bd3 Nc6 8. Be3 Bd6 9. c3 O-O 10. Bc2 e5 11. Qd3 g6 12. Bxh6 Re8 13. dxe5 Nxe5 14. Nxe5 Rxe5+ 15. Be3 Bf5 16. Qd2 Bxc2 17. Qxc2 Bc5 18. O-O-O Bxe3+ 19. fxe3 Qg5 20. Kb1 Qxe3 21. Rhf1 Rae8 22. Qb3 R8e7 23. Qxb7 c5 24. Qa8+ Kg7 25. Qf3 Qxf3 26. Rxf3 Re2 27. Rg3 Rb7 28. b3 c4 29. b4 a5 30. a3 axb4 31. cxb4 Rc7 32. Rc1 Rd7 33. Rc2 Re4 34. Rgc3 Rdd4 35. b5 Re1+ 36. Kb2 Rdd1 37. Rc1 Rd2+ 38. R3c2 Rxc1 39. Kxc1 Rd4 40. a4 Kf8 41. b6 c3 42. Rxc3 Rxa4 43. b7 Rb4 44. Rc8+ Kg7 45. b8=Q Rc4+ 46. Rxc4 1-0


[Site "https://www.chess.com"]

[Event "Titled Tuesday Blitz February 07 Early 2023"]
[White "Ciuffoletti, Paolo"]
[Black "Poliakova, Varvara"]
[WhiteFideId "807630"]
[BlackFideId "13518313"]
[WhiteElo "2106"]
[BlackElo "2010"]
[Result "0-1"]
[Round "01"]
[TimeControl "180+2"]
[Date "2023.02.07"]
[WhiteClock "0:00:02"]
[BlackClock "0:01:11"]

1. e4 e5 2. Nf3 Nc6 3. Bc4 Bc5 4. b4 Bxb4 5. c3 Ba5 6. d4 exd4 7. O-O d6 8. cxd4 Nge7 9. Ng5 O-O 10. Qh5 h6 11. Nxf7 Rxf7 12. Qxf7+ Kh7 13. Bg5 Qg8 14. Bxe7 Qxf7 15. Bxf7 Nxe7 16. Na3 Nc6 17. Rfd1 Bc3 18. Rac1 Nxd4 19. Kf1 Bb2 20. Rc4 Bxa3 21. Rcxd4 Bc5 22. R4d3 b6 23. Rg3 g5 24. h4 Ba6+ 25. Kg1 Rf8 26. Be6 Bxf2+ 27. Kh2 Bxg3+ 28. Kxg3 gxh4+ 29. Kxh4 Rf4+ 30. Kg3 Rf6 31. Bf5+ Kg7 32. Rc1 c5 33. Rh1 d5 0-1


[Site "https://www.chess.com"]

[Event "Titled Tuesday Blitz February 07 Early 2023"]
[White "Janaszak, Dawid"]
[Black "Onslow, Alfie"]
[WhiteFideId "1119206"]
[BlackFideId "436976"]
[WhiteElo "2316"]
[BlackElo "2157"]
[Result "1-0"]
[Round "01"]
[TimeControl "180+2"]
[Date "2023.02.07"]
[WhiteClock "0:01:07"]
[BlackClock "0:00:01"]

1. e4 c5 2. Nc3 Nc6 3. Bb5 g6 4. Bxc6 dxc6 5. d3 Bg7 6. Be3 b6 7. Qd2 e5 8. Nge2 Ne7 9. Bh6 O-O 10. h4 f5 11. h5 f4 12. Bxg7 Kxg7 13. O-O-O Bg4 14. hxg6 hxg6 15. f3 Be6 16. g3 g5 17. Rdg1 Ng6 18. gxf4 gxf4 19. Rh2 Rg8 20. Nd1 Qf6 21. Nf2 Kf7 22. Ng4 Bxg4 23. Rxg4 Ne7 24. Rh7+ Ke6 25. Rxg8 Rxg8 26. b4 cxb4 27. Qxb4 Rh8 28. Qb3+ Kd6 29. Qa3+ c5 30. Rxh8 Qxh8 31. Qxa7 Qh1+ 32. Kb2 Qxf3 33. Qxb6+ Nc6 34. Nc3 Qf2 35. Nb5+ Ke7 36. Qxc6 f3 37. Qd6+ Kf7 38. Qxe5 Qe2 39. Nd6+ Kg6 40. Qf5+ Kh6 41. Nf7+ Kg7 42. Ne5 1-0


[Site "https://www.chess.com"]

[Event "Titled Tuesday Blitz February 07 Early 2023"]
[White "Torres Dominguez, David"]
[Black "Sharafiev, Azat"]
[WhiteFideId "2220857"]
[BlackFideId "4186214"]
[WhiteElo "1994"]
[BlackElo "2427"]
[Result "1/2-1/2"]
[Round "01"]
[TimeControl "180+2"]
[Date "2023.02.07"]
[WhiteClock "0:02:33"]
[BlackClock "0:02:07"]

1. e4 c5 2. Nc3 d6 3. Bb5+ Bd7 4. Bxd7+ Nxd7 5. Nf3 Ngf6 6. d4 cxd4 7. Nxd4 e6 8. Be3 a6 9. f3 Be7 10. Qd2 O-O 11. O-O Qc7 12. a3 Rac8 13. Kh1 b5 14. Rad1 Nc5 15. Nde2 Rfd8 16. Bf4 Ne8 17. Bg5 Nf6 18. Bf4 Ne8 19. Bg5 Nf6 20. Bf4 1/2-1/2


[Site "https://www.chess.com"]

[Event "Titled Tuesday Blitz February 07 Early 2023"]
[White "Maksimenko, Viktor"]
[Black "Nissinen, Niilo Man"]
[WhiteFideId "13710478"]
[BlackFideId "30950767"]
[WhiteElo "2196"]
[BlackElo "1958"]
[Result "1-0"]
[Round "01"]
[TimeControl "180+2"]
[Date "2023.02.07"]
[WhiteClock "0:01:52"]
[BlackClock "0:00:03"]

1. d4 Nf6 2. c4 g6 3. Nc3 d5 4. cxd5 Nxd5 5. e4 Nxc3 6. bxc3 Bg7 7. Nf3 c5 8. Bb5+ Nc6 9. O-O O-O 10. Bxc6 bxc6 11. Qc2 cxd4 12. cxd4 Bg4 13. Ne5 Bxe5 14. dxe5 Qa5 15. f4 Rac8 16. h3 Bd7 17. Bd2 Qb6+ 18. Kh1 c5 19. Bc3 e6 20. Rab1 Qa6 21. Rfd1 Rfd8 22. Rd6 Qc4 23. Rbd1 Rc7 24. Qd2 Rb8 25. Ba5 Rcb7 26. Rxd7 Rb2 27. Rd8+ Kg7 28. Qe3 Qxa2 29. Rxb8 Rxb8 30. Bd8 Qa4 31. Bf6+ Kg8 32. Qd2 1-0


[Site "https://www.chess.com"]

[Event "Titled Tuesday Blitz February 07 Early 2023"]
[White "Bruned, Boris"]
[Black "Ordekalog"]
[WhiteFideId "621790"]
[WhiteElo "2133"]
[BlackElo "2555"]
[Result "1-0"]
[Round "01"]
[TimeControl "180+2"]
[Date "2023.02.07"]
[WhiteClock "0:00:05"]
[BlackClock "0:00:06"]

1. b3 e5 2. Bb2 Nc6 3. e3 Nf6 4. Bb5 Bd6 5. Bxc6 dxc6 6. d3 O-O 7. Nd2 a5 8. a4 Bg4 9. Ngf3 Qe7 10. O-O Rad8 11. e4 c5 12. h3 Bh5 13. g4 Nxg4 14. hxg4 Bxg4 15. Qe1 f5 16. exf5 Rxf5 17. Qe3 Rdf8 18. Nh2 Rg5 19. Ne4 Rg6 20. Nxg4 Rxg4+ 21. Ng3 h5 22. Kh2 e4 23. dxe4 h4 24. e5 Qe6 25. Kg2 hxg3 26. fxg3 Qd5+ 27. Kh3 Qe6 28. Kg2 Be7 29. Rxf8+ Bxf8 30. Rf1 Qd5+ 31. Qf3 Qxf3+ 32. Kxf3 Rg6 33. Rd1 Re6 34. Rd7 Re7 35. Rd8 Kf7 36. Ke4 g6 37. g4 Bg7 38. Rb8 b6 39. Kd5 Re6 40. Rc8 Re7 41. Rb8 Bh6 42. Rc8 Rd7+ 43. Kc6 Rd2 44. Rxc7+ Ke6 45. Kxb6 Rxc2 46. Ba3 Be3 47. Bxc5 Bxc5+ 48. Rxc5 Rb2 49. Rb5 g5 50. Kxa5 Kd7 51. Kb4 Rg2 52. a5 Rxg4+ 53. Kc5 Kc7 54. b4 Re4 55. Kd5 Re1 56. Rb6 Ra1 57. e6 g4 58. e7 Kd7 59. Re6 Ke8 60. Kd6 Rd1+ 61. Kc7 g3 62. Rg6 Rd3 63. b5 Kxe7 64. Kb7 Kf7 65. Rg4 Rd7+ 66. Kc6 Rd3 67. b6 Rc3+ 68. Kb7 Ke6 69. a6 Kf5 70. Rg8 Kf4 71. a7 Rc5 72. Rxg3 Kxg3 73. a8=Q 1-0


[Site "https://www.chess.com"]

[Event "Titled Tuesday Blitz February 07 Early 2023"]
[White "Karas, Marek"]
[Black "Ardila, Oscar Humberto"]
[WhiteFideId "14928558"]
[BlackFideId "4404742"]
[WhiteElo "2227"]
[BlackElo "1982"]
[Result "1-0"]
[Round "01"]
[TimeControl "180+2"]
[Date "2023.02.07"]
[WhiteClock "0:01:45"]
[BlackClock "0:00:15"]

1. e4 e5 2. Nf3 Nf6 3. Nxe5 d6 4. Nf3 Nxe4 5. Nc3 Nxc3 6. dxc3 Be7 7. Be3 O-O 8. Qd2 Nd7 9. O-O-O Nf6 10. Bd3 c6 11. h3 Qa5 12. Kb1 Be6 13. a3 b5 14. Nd4 Rfc8 15. g4 Nd5 16. Bf5 Bxf5 17. Nxf5 Bf8 18. Bd4 Qd8 19. h4 Nf6 20. Qg5 Ne4 21. Nh6+ Kh8 22. Nxf7+ Kg8 23. Qxd8 Rxd8 24. Nxd8 Rxd8 25. f3 Nf6 26. Bxf6 gxf6 27. Rhe1 Kf7 28. Rd3 d5 29. Rde3 Bc5 30. Re6 Rc8 31. f4 Rc7 32. f5 Bf2 33. Rh1 d4 34. cxd4 Bxd4 35. g5 a5 36. c3 Be5 37. h5 b4 38. axb4 axb4 39. g6+ Kg7 40. h6+ Kg8 41. Rd1 hxg6 42. fxg6 Rc8 43. Rd7 bxc3 44. bxc3 Rb8+ 45. Kc2 c5 46. Ree7 c4 47. Rg7+ Kf8 48. Rdf7+ Ke8 49. Rg8# 1-0


[Site "https://www.chess.com"]

[Event "Titled Tuesday Blitz February 07 Early 2023"]
[White "Smith, Garrett L"]
[Black "Lamaze, Simon"]
[WhiteFideId "2024829"]
[BlackFideId "36069264"]
[WhiteElo "2047"]
[BlackElo "2363"]
[Result "0-1"]
[Round "01"]
[TimeControl "180+2"]
[Date "2023.02.07"]
[WhiteClock "0:00:13"]
[BlackClock "0:00:12"]

1. e4 c5 2. a3 e5 3. f4 exf4 4. Bc4 Qh4+ 5. Kf1 d6 6. Nf3 Qh6 7. d4 Nc6 8. c3 Bg4 9. h3 Nf6 10. Kg1 Bh5 11. g4 Nxe4 12. gxh5 O-O-O 13. Bd5 f5 14. Qd3 Re8 15. Nbd2 Ng3 16. Rh2 Qxh5 17. Qb5 Nd8 18. Qa4 g5 19. Qxa7 g4 20. hxg4 Qxg4 21. Rg2 Qh3 22. Rh2 Ne2+ 23. Kf2 Qg3+ 24. Kf1 Ng1 25. Rg2 Qh3 26. Kxg1 Bh6 27. Qa8+ Kc7 28. Qa6 bxa6 0-1


[Site "https://www.chess.com"]

[Event "Titled Tuesday Blitz February 07 Early 2023"]
[White "Alinasab, Mobina"]
[Black "lisjakzlatko1"]
[WhiteFideId "12528897"]
[WhiteElo "2347"]
[BlackElo "2211"]
[Result "1-0"]
[Round "01"]
[TimeControl "180+2"]
[Date "2023.02.07"]
[WhiteClock "0:02:15"]
[BlackClock "0:00:02"]

1. e4 d5 2. exd5 Nf6 3. d4 e6 4. dxe6 Bxe6 5. Nf3 Nc6 6. c3 Qd7 7. Bd3 O-O-O 8. O-O h6 9. Qe2 g5 10. Bb5 Bd5 11. Ne5 Qe8 12. Nxc6 Bxc6 13. Qxe8 Bxe8 14. Bxe8 Rxe8 15. Be3 Ng4 16. Re1 Bd6 17. h3 Nxe3 18. Rxe3 Rxe3 19. fxe3 Re8 20. Kf2 h5 21. Nd2 h4 22. Kf3 f5 23. Re1 Kd7 24. Re2 c5 25. dxc5 Bxc5 26. e4 fxe4+ 27. Nxe4 Be7 28. Kg4 Kc6 29. Nxg5 Bxg5 30. Kxg5 1-0


[Site "https://www.chess.com"]

[Event "Titled Tuesday Blitz February 07 Early 2023"]
[White "Dilmukhametov, Artur"]
[Black "Cadena M, Gustavo Adolfo"]
[WhiteFideId "24179922"]
[BlackFideId "4404815"]
[WhiteElo "2276"]
[BlackElo "2195"]
[Result "1-0"]
[Round "01"]
[TimeControl "180+2"]
[Date "2023.02.07"]
[WhiteClock "0:00:03"]
[BlackClock "0:00:19"]

1. e4 c5 2. Nf3 d6 3. Bb5+ Nd7 4. O-O Nf6 5. Re1 e6 6. a4 Be7 7. h3 O-O 8. Bf1 b6 9. Nc3 Bb7 10. g3 Qc7 11. Bg2 a6 12. d4 cxd4 13. Nxd4 Rfe8 14. Be3 Rac8 15. g4 Ne5 16. f4 Nc4 17. Bc1 Bf8 18. b3 Na5 19. Bb2 g6 20. Qd3 Bg7 21. Nde2 Nc6 22. Rac1 Nb4 23. Qd2 h5 24. g5 Nd7 25. Nd1 Bxb2 26. Nxb2 Na2 27. Ra1 Nc3 28. Nc4 Nxe2+ 29. Rxe2 d5 30. exd5 exd5 31. Rxe8+ Rxe8 32. Nb2 Nc5 33. Re1 Ne4 34. Bxe4 dxe4 35. Nc4 Qc6 36. Qe3 Rd8 37. Qxb6 Qd7 38. Ne5 Qe7 39. Re2 e3 40. Qxe3 Qe6 41. Rd2 Re8 42. Qd3 Bc6 43. Qc4 Qxc4 44. Nxc4 Rc8 45. Ne5 Be4 46. c4 f6 47. gxf6 Kf8 48. Rd7 Bf5 49. Rh7 Kg8 50. Rg7+ Kf8 51. Nxg6+ Bxg6 52. Rxg6 Rc6 53. Rh6 Rb6 54. c5 Rxb3 55. Rxh5 Rc3 56. Re5 Kf7 57. h4 Rc4 58. Rf5 Ke6 59. f7 Kxf5 60. f8=Q+ Kg4 61. Qg8+ Kf3 62. Qxc4 1-0


[Site "https://www.chess.com"]

[Event "Titled Tuesday Blitz February 07 Early 2023"]
[White "Sekar, B"]
[Black "Dzhaparov, Medet"]
[WhiteFideId "5043743"]
[BlackFideId "13803689"]
[WhiteElo "2333"]
[BlackElo "1578"]
[Result "1-0"]
[Round "01"]
[TimeControl "180+2"]
[Date "2023.02.07"]
[WhiteClock "0:02:51"]
[BlackClock "0:02:17"]

1. e4 e5 2. Nf3 Nc6 3. Bc4 Nf6 4. d3 Bc5 5. O-O d6 6. c3 O-O 7. a4 Be6 8. Bxe6 fxe6 9. b4 Bxb4 10. cxb4 Nxb4 11. Qb3 Nc6 12. Qxe6+ Kh8 13. Nc3 Re8 14. Qh3 a6 15. Bg5 Rf8 16. Nd5 Qe8 17. Nxc7 1-0


[Site "https://www.chess.com"]

[Event "Titled Tuesday Blitz February 07 Early 2023"]
[White "SicilianPanzer"]
[Black "Hristodoulou, Panagiotis"]
[BlackFideId "4214340"]
[WhiteElo "2245"]
[BlackElo "2372"]
[Result "1-0"]
[Round "01"]
[TimeControl "180+2"]
[Date "2023.02.07"]
[WhiteClock "0:00:16"]
[BlackClock "0:00:02"]

1. c4 e6 2. Nc3 d5 3. d4 Nf6 4. Nf3 h6 5. g3 Bd6 6. Bg2 O-O 7. O-O Nc6 8. b3 dxc4 9. bxc4 e5 10. d5 Na5 11. Qa4 b6 12. c5 Bxc5 13. Nxe5 Bd6 14. Nd3 Re8 15. e4 Ba6 16. Qc2 Nb7 17. Re1 Bxd3 18. Qxd3 Nc5 19. Qc2 Qd7 20. f4 Nb7 21. Be3 Bc5 22. Rad1 Bxe3+ 23. Rxe3 Ng4 24. Re2 Rad8 25. e5 Qe7 26. Ne4 h5 27. h3 Nh6 28. Ng5 Nc5 29. Qh7+ Kf8 30. Qh8+ 1-0


[Site "https://www.chess.com"]

[Event "Titled Tuesday Blitz February 07 Early 2023"]
[White "Olenik Campa, Rudi"]
[Black "Hertlein, Irena"]
[WhiteFideId "14633264"]
[BlackFideId "21817618"]
[WhiteElo "2356"]
[BlackElo "1994"]
[Result "1-0"]
[Round "01"]
[TimeControl "180+2"]
[Date "2023.02.07"]
[WhiteClock "0:02:00"]
[BlackClock "0:00:28"]

1. e4 c5 2. Nf3 e6 3. c4 Nc6 4. Be2 Nd4 5. Nxd4 cxd4 6. d3 Bb4+ 7. Bd2 Qa5 8. O-O Bxd2 9. Nxd2 Ne7 10. a3 d6 11. b4 Qd8 12. f4 O-O 13. Nf3 e5 14. fxe5 dxe5 15. Nxe5 a5 16. Nf3 axb4 17. axb4 Rxa1 18. Qxa1 Bg4 19. Qxd4 Bxf3 20. Qxd8 Rxd8 21. gxf3 Nc6 22. b5 Nd4 23. Kf2 Ra8 24. Ke3 Nxe2 25. Kxe2 Ra2+ 26. Ke3 Rxh2 27. Ra1 h5 28. c5 Rc2 29. d4 h4 30. Kf4 h3 31. Kg3 h2 32. Rh1 Rc4 33. Rxh2 Rxd4 34. Rc2 Rd7 35. c6 bxc6 36. bxc6 Rc7 37. Kf4 Kf8 38. Ke5 Ke7 39. f4 f6+ 40. Kf5 Kf7 41. e5 fxe5 42. Kxe5 g6 43. Rc1 Ke7 44. Rc2 Kf7 45. Kd6 Rc8 46. Kd7 1-0


[Site "https://www.chess.com"]

[Event "Titled Tuesday Blitz February 07 Early 2023"]
[White "Senlle Caride, Miguel"]
[Black "Melian, Juan Sebastian"]
[WhiteFideId "2282500"]
[BlackFideId "3706575"]
[WhiteElo "2343"]
[BlackElo "2293"]
[Result "1-0"]
[Round "01"]
[TimeControl "180+2"]
[Date "2023.02.07"]
[WhiteClock "0:00:05"]
[BlackClock "0:00:07"]

1. e4 c5 2. Nc3 Nc6 3. Bb5 Nd4 4. Nf3 Nxb5 5. Nxb5 d6 6. d4 cxd4 7. Qxd4 Nf6 8. Qc4 Be6 9. Nc7+ Kd7 10. Nxe6 fxe6 11. Ng5 Qa5+ 12. Bd2 d5 13. exd5 exd5 14. Qe2 Qa6 15. Qf3 e6 16. Nf7 Rg8 17. Ne5+ Ke8 18. Qb3 Bd6 19. Nd3 Rc8 20. O-O Qc6 21. Rfe1 Kf7 22. Bc3 Qc4 23. Qxb7+ Rc7 24. Qb3 d4 25. Bb4 Qxb3 26. axb3 Rd8 27. Bxd6 Rxd6 28. Ne5+ Kf8 29. Nc4 Rdc6 30. Rad1 a5 31. Rxd4 a4 32. Ra1 axb3 33. cxb3 Kf7 34. Ne5+ Ke7 35. Nxc6+ Rxc6 36. h3 e5 37. Ra7+ Ke6 38. Rd1 Rc2 39. Rxg7 Rxb2 40. Rd3 e4 41. Rc3 Nd5 42. Rc6+ Ke5 43. Rg5+ Kf4 44. Rxd5 e3 45. fxe3+ Ke4 46. Rd7 h5 47. Re6+ Kf5 48. Rh6 h4 49. Rxh4 Kg5 50. Rf4 Rb1+ 51. Kh2 Rxb3 52. Rd5+ Kg6 53. Re5 Rb6 54. Rd4 Kf6 55. Red5 Rb8 56. e4 Ke6 57. Rf5 Rb1 58. h4 Rb3 59. h5 Rb8 60. h6 Rh8 61. Rh5 Kf6 62. Rd6+ Ke7 63. e5 Rh7 64. Rg6 Kf8 65. Rf5+ Ke8 66. Rg8+ 1-0


[Site "https://www.chess.com"]

[Event "Titled Tuesday Blitz February 07 Early 2023"]
[White "Sourath Biswas"]
[Black "Gharamian, Tigran"]
[WhiteFideId "35091484"]
[BlackFideId "13301527"]
[WhiteElo "2281"]
[BlackElo "2601"]
[Result "1-0"]
[Round "01"]
[TimeControl "180+2"]
[Date "2023.02.07"]
[WhiteClock "0:01:15"]
[BlackClock "0:00:06"]

1. d4 Nf6 2. Bf4 d5 3. e3 c5 4. Nf3 cxd4 5. exd4 Nc6 6. c3 Bg4 7. Qb3 Na5 8. Qa4+ Bd7 9. Qc2 Qb6 10. Bd3 e6 11. Nbd2 Bb5 12. O-O Bxd3 13. Qxd3 Be7 14. a4 Rc8 15. Ne5 Nb3 16. Nxb3 Qxb3 17. Qb5+ Qxb5 18. axb5 Ra8 19. Ra4 Bd8 20. Nd3 O-O 21. Nc5 b6 22. Nd3 Re8 23. Rfa1 Re7 24. Nb4 Rb7 25. Nc6 Bc7 26. Bxc7 Rxc7 27. Ra6 Rac8 28. Nxa7 Re8 29. Nc6 Nd7 30. Ra7 Rxa7 31. Rxa7 Nf8 32. Rb7 e5 33. Nxe5 f6 34. Nf3 Re2 35. Rxb6 Rxb2 36. h4 Kf7 37. h5 Nd7 38. Rd6 Ke7 39. Rxd5 Rb3 40. c4 Nb6 41. Rc5 Rb4 42. Nd2 Nd7 43. Rc7 Kd6 44. Rc6+ Ke7 45. Ne4 Rb2 46. Nc5 Nxc5 47. dxc5 Kd7 48. Rd6+ Kc7 49. b6+ Kb7 50. Rd7+ Kc6 51. Rc7# 1-0


[Site "https://www.chess.com"]

[Event "Titled Tuesday Blitz February 07 Early 2023"]
[White "Sailer, Mike"]
[Black "Taboas Rodriguez, Daniel"]
[WhiteFideId "2012901"]
[BlackFideId "2208466"]
[WhiteElo "2109"]
[BlackElo "2371"]
[Result "0-1"]
[Round "01"]
[TimeControl "180+2"]
[Date "2023.02.07"]
[WhiteClock "0:00:02"]
[BlackClock "0:00:51"]

1. g3 Nf6 2. Bg2 g6 3. c4 Bg7 4. Nc3 O-O 5. d3 c5 6. Bg5 Nc6 7. Qd2 d6 8. a3 Nd4 9. Rb1 Rb8 10. Nf3 Nxf3+ 11. Bxf3 Bh3 12. Bh6 Qd7 13. Bxg7 Kxg7 14. b4 b6 15. b5 h5 16. Bc6 Qf5 17. Qf4 Qc8 18. f3 e5 19. Qd2 Qf5 20. Ne4 Nxe4 21. dxe4 Qe6 22. Bd5 Qe7 23. Kf2 f5 24. exf5 Rxf5 25. Be4 Rf6 26. Rhe1 Rbf8 27. Kg1 Be6 28. Bd5 h4 29. Bxe6 Qxe6 30. Qd5 hxg3 31. hxg3 Qh3 32. Kf2 Qh2+ 33. Ke3 Qxg3 34. Kd3 Rf4 35. Kc3 Rd4 36. Qb7+ Rf7 37. Qc8 Qf4 38. Qe6 Qe3+ 39. Kc2 Rd2+ 40. Kc1 Qc3# 0-1


[Site "https://www.chess.com"]

[Event "Titled Tuesday Blitz February 07 Early 2023"]
[White "Sturt, Raven"]
[Black "Simonovic, Miroslav"]
[WhiteFideId "2007304"]
[BlackFideId "919152"]
[WhiteElo "2470"]
[BlackElo "2082"]
[Result "0-1"]
[Round "01"]
[TimeControl "180+2"]
[Date "2023.02.07"]
[WhiteClock "0:01:08"]
[BlackClock "0:00:49"]

1. e4 c5 2. d4 cxd4 3. c3 dxc3 4. Nxc3 Nc6 5. Nf3 d6 6. Bc4 e6 7. O-O Be7 8. Qe2 Nf6 9. Rd1 Qa5 10. Bf4 O-O 11. Bxd6 Bxd6 12. Rxd6 Ne5 13. Bb3 Bd7 14. Rad1 Bc6 15. Nd4 Rad8 16. Nxc6 Nxc6 17. Qe3 Rxd6 18. Rxd6 Qe5 19. Rd2 Ng4 20. Qh3 Qg5 21. Rd1 Rd8 22. Qf3 Rxd1+ 23. Qxd1 Qf4 24. Qf3 Qxh2+ 25. Kf1 Qh1+ 0-1


[Site "https://www.chess.com"]

[Event "Titled Tuesday Blitz February 07 Early 2023"]
[White "ritanovikova"]
[Black "Sukandar, Irine Kharisma"]
[BlackFideId "7101937"]
[WhiteElo "2202"]
[BlackElo "2390"]
[Result "0-1"]
[Round "01"]
[TimeControl "180+2"]
[Date "2023.02.07"]
[WhiteClock "0:00:12"]
[BlackClock "0:00:20"]

1. e4 c5 2. Nc3 e5 3. Nf3 d6 4. h3 g6 5. Bc4 Bg7 6. a3 Nc6 7. O-O h6 8. d3 Nge7 9. Rb1 a6 10. b4 b5 11. Ba2 O-O 12. Be3 Nd4 13. Nd5 Be6 14. Nxe7+ Qxe7 15. Bxe6 Qxe6 16. c3 Nxf3+ 17. Qxf3 Rac8 18. Rbc1 Qb3 19. Bd2 Qxa3 20. bxc5 Qxc5 21. Be3 Qc6 22. d4 Qc4 23. dxe5 dxe5 24. Bb6 Rc6 25. Ba5 Qe6 26. Bb4 Rd8 27. Rfd1 Rcc8 28. Ba5 Rxd1+ 29. Rxd1 Qa2 30. Rd8+ Rxd8 31. Bxd8 Qd2 32. Ba5 Bf8 33. Bb6 Qd6 34. Qe3 Qc6 35. g3 b4 36. cxb4 Bxb4 37. Kg2 a5 38. Bd8 Bc5 39. Qd3 a4 40. Ba5 Bf8 41. Bc3 Qd6 42. Ba1 Qxd3 0-1


[Site "https://www.chess.com"]

[Event "Titled Tuesday Blitz February 07 Early 2023"]
[White "Perez Gormaz, Matias"]
[Black "Magallanes, Rey Jomar"]
[WhiteFideId "3406342"]
[BlackFideId "5205948"]
[WhiteElo "2406"]
[BlackElo "2052"]
[Result "1-0"]
[Round "01"]
[TimeControl "180+2"]
[Date "2023.02.07"]
[WhiteClock "0:01:05"]
[BlackClock "0:00:02"]

1. Nf3 Nf6 2. g3 g6 3. Bg2 Bg7 4. b3 O-O 5. Bb2 d6 6. d4 a5 7. a4 Nbd7 8. O-O Re8 9. Na3 c6 10. Re1 Qc7 11. Nc4 d5 12. Ncd2 e5 13. Nxe5 Nxe5 14. dxe5 Ng4 15. c4 dxc4 16. Nxc4 Nxe5 17. Rc1 Nxc4 18. Bxg7 Kxg7 19. Rxc4 Be6 20. Qa1+ Kg8 21. Rc3 Red8 22. Bf3 Qe5 23. Qc1 Rd4 24. Rc5 Qd6 25. Qc3 Rb4 26. Rb1 Bxb3 27. h4 Bxa4 28. Ra1 Bb5 29. h5 1-0


[Site "https://www.chess.com"]